 Dungeon Crawl Stone Soup version 0.22.1-2-g9c5b331383 (webtiles) character file.

448058 definar the Warrior (level 23, -11/155 HPs)
             Began as a Gargoyle Earth Elementalist on Dec 8, 2018.
             Was the Champion of Ashenzari.
             Killed from afar by a tengu reaver (54 damage)
             ... with a bolt of acid
             ... on level 5 of the Vaults on Dec 13, 2018.
             The game lasted 08:17:13 (59140 turns).

definar the Warrior (Gargoyle Earth Elementalist)  Turns: 59140, Time: 08:17:13

Health: -11/155    AC: 37    Str: 21    XL:     23   Next: 91%
Magic:  44/49      EV: 21    Int: 30    God:    Ashenzari [******]
Gold:   3572       SH:  0    Dex: 17    Spells: 0/48 levels left

rFire    + + .     SeeInvis +   Y - +3 battleaxe (elec) (curse)
rCold    x . .     Gourm    .   (shield currently unavailable)
rNeg     + + .     Faith    .   A - +4 robe of Dim Light {rC+ Str+2 Int+3 Dex+2} (curse)
rPois    ∞         Spirit   .   o - +2 helmet (curse)
rElec    +         Reflect  .   X - +2 cloak {+Inv}
rCorr    .         Harm     .   g - +1 pair of gloves (curse)
MR       +....     Clarity  +   y - +2 pair of boots (curse)
Stlth    ++........             l - amulet of magic regeneration (curse)
HPRegen  1.35/turn              a - ring of Ozubamp {MP+9 Int+4 Dex+4 Stlth+} (curse)
MPRegen  0.56/turn              n - ring of positive energy (curse)

@: mighty, immune to fire clouds, marked, flying, contaminated, regenerating,
slowed, glowing, studying Fighting, invisible (but backlit and visible), very
slow
A: big wings, negative energy resistance 1, electricity resistance, unbreathing,
petrification resistance, rot immunity, AC +17
}: 3/15 runes: barnacled, silver, gossamer
a: Stop Flying, Curse Item, Scrying, Transfer Knowledge, Renounce Religion


You were on level 5 of the Vaults.
You worshipped Ashenzari.
Ashenzari was exalted by your worship.
You were not hungry.

You visited 8 branches of the dungeon, and saw 40 of its levels.
You visited the Abyss 1 time.
You also visited: Bailey and Wizlab.

You collected 5123 gold pieces.
You spent 1551 gold pieces at shops.

Inventory:

Hand Weapons
 D - a +1 sacred scourge of holy wrath
 G - a +3 scimitar of holy wrath
 H - the +9 staff of Wucad Mu {channel}
   (You found it in a wizard's laboratory)
 K - a +4 morningstar of distortion
 Y - a cursed +3 battleaxe of electrocution (weapon)
Missiles
 b - 797 stones (quivered)
Armour
 g - a cursed +1 pair of gloves (worn)
 m - a scarf of resistance
 o - a cursed +2 helmet (worn)
 y - a cursed +2 pair of boots (worn)
 A - the cursed +4 robe of Dim Light (worn) {rC+ Str+2 Int+3 Dex+2}
   (You found it on level 4 of the Dungeon)

   It affects your strength (+2).
   It affects your intelligence (+3).
   It affects your dexterity (+2).
   It protects you from cold.
   It has a curse placed upon it.
 N - a +3 buckler
 X - a +2 cloak of invisibility (worn)
Jewellery
 a - the cursed ring of Ozubamp (left hand) {MP+9 Int+4 Dex+4 Stlth+}
   (You bought it in a shop on level 1 of the Shoals)

   [ring of stealth]

   It affects your intelligence (+4).
   It affects your dexterity (+4).
   It affects your magic capacity (+9).
   It makes you more stealthy.
   It has a curse placed upon it.
 l - a cursed amulet of magic regeneration (around neck)
 n - a cursed ring of positive energy (right hand)
 r - an uncursed ring of protection from cold
 B - an uncursed ring of resist corrosion
Wands
 h - a wand of digging (18)
 p - a wand of disintegration (21)
 x - a wand of polymorph (4)
 T - a wand of acid (6)
 W - a wand of iceblast (5)
Scrolls
 c - 2 scrolls of torment
 f - 25 scrolls of identify
 i - 2 scrolls of immolation
 j - 3 scrolls of holy word
 k - 4 scrolls of remove curse
 s - a scroll of blinking
 v - 2 scrolls of teleportation
 w - a scroll of brand weapon
 F - 4 scrolls of summoning
 P - 4 scrolls of silence
 Q - 4 scrolls of magic mapping
 R - 2 scrolls of fog
Potions
 q - a potion of heal wounds
 u - 2 potions of haste
 z - 14 potions of curing
 C - 3 potions of cancellation
 E - a potion of magic
 I - 3 potions of resistance
 M - 3 potions of might
 O - 3 potions of agility
Books
 t - a manual of Fighting
Miscellaneous
 e - a crystal ball of energy
 L - a lightning rod (4/4)
 S - a phial of floods
Comestibles
 d - 14 rations
 J - a chunk of flesh


   Skills:
 - Level 19.1 Fighting
   Level 0.7(2.9) Short Blades
 - Level 4.4(4.5) Long Blades
 - Level 10.3(16.8) Axes
 - Level 11.3(13.1) Maces & Flails
 - Level 1.4(7.4) Staves
 - Level 10.4 Armour
 - Level 9.6(12.4) Dodging
 - Level 2.1(4.4) Stealth
 - Level 13.8 Shields
 - Level 13.1 Spellcasting
 - Level 13.0(17.1) Conjurations
 - Level 11.4(15.6) Charms
 - Level 3.1(7.0) Necromancy
 - Level 0.7(2.8) Transmutations
 - Level 7.6(12.1) Fire Magic
 + Level 15.1(19.1) Earth Magic
 - Level 9.6(13.9) Evocations


You couldn't memorise any spells.
You knew the following spells:

 Your Spells              Type           Power        Failure   Level  Hunger
a - Sandblast             Erth           ######       0%          1    None
b - Iron Shot             Conj/Erth      #######...   1%          6    ####...
c - Regeneration          Chrm/Necr      ######....   1%          3    None
d - Lee's Rapid Deconstr  Erth           #######...   1%          5    #......
e - Spectral Weapon       Hex/Chrm       ######..     1%          3    None
f - Bolt of Magma         Conj/Fire/Erth ########..   1%          5    #......
g - Shroud of Golubria    Chrm/Tloc      ######....   1%          2    None
h - Passwall              Tmut/Erth      ######..     1%          2    None
i - Ring of Flames        Chrm/Fire      ########..   8%          7    ######.
j - Gell's Gravitas       Tloc           ###.......   6%          3    None
m - Mephitic Cloud        Conj/Pois/Air  ######..     1%          3    None
r - Stone Arrow           Conj/Erth      ######       0%          3    None
v - Borgnjor's Vile Clut  Necr/Erth      #######...   1%          5    #......

Your spell library contained the following spells:

 Spells                   Type           Power        Failure   Level  Hunger
 Flame Tongue             Conj/Fire      #####        0%          1    None
 Infusion                 Chrm           ####         0%          1    None
 Magic Dart               Conj           ####         0%          1    None
 Song of Slaying          Chrm           #######.     0%          2    None
 Beastly Appendage        Tmut           #####.       1%          1    None
 Confusing Touch          Hex            ###...       1%          1    None
 Sticks to Snakes         Tmut           #####...     1%          2    None
 Conjure Flame            Conj/Fire      ########     1%          3    None
 Animate Dead             Necr           N/A          1%          4    None
 Leda's Liquefaction      Hex/Erth       ######....   1%          4    None
 Petrify                  Tmut/Erth      ######..     1%          4    None
 Blink                    Tloc           N/A          3%          2    None
 Call Imp                 Summ           ###.....     3%          2    None
 Slow                     Hex            ###.....     3%          2    None
 Spider Form              Tmut/Pois      ####......   3%          3    None
 Confuse                  Hex            ###.....     6%          3    None
 Recall                   Summ/Tloc      N/A          6%          3    None
 Ice Form                 Ice/Tmut       ####....     12%         4    None
 Deflect Missiles         Chrm/Air       ######....   14%         6    ####...
 Cause Fear               Hex            ###.......   19%         4    None
 Blade Hands              Tmut           #####.....   22%         5    #......
 Death Channel            Necr           ######....   22%         6    ####...
 Yara's Violent Unravell  Hex/Tmut       ####......   34%         5    #......
 Metabolic Englaciation   Hex/Ice        ###.......   47%         5    #......
 Silence                  Hex/Air        ###.......   47%         5    #......
 Simulacrum               Ice/Necr       #####.....   63%         6    ####...
 Shatter                  Erth           #######...   71%         9    #######
 Discord                  Hex            ###.......   100%        8    #######
 Statue Form              Tmut/Erth      Unusable     N/A         6    N/A

Dungeon Overview and Level Annotations

Branches:
Dungeon (15/15)            Temple (1/1) D:4            Lair (6/6) D:11
 Shoals (4/4) Lair:3       Spider (4/4) Lair:4        Slime (0/5) Lair:6
    Orc (2/2) D:12            Elf (0/3) Orc:2        Vaults (5/5) D:14
  Crypt (0/3) Vaults:3     Depths (3/5) D:15

Altars:
Ashenzari
Cheibriados
Dithmenos
Elyvilon
Fedhas
Gozag
Hepliaklqana
Kikubaaqudgha
Makhleb
Nemelex Xobeh
Okawaru
Qazlal
Ru
Sif Muna
Trog
Uskayaw
Vehumet
Wu Jian
Xom
Yredelemnul
Zin
The Shining One
Beogh

Shops:
D:12 *   Orc:2 ?=[(   Shoals:1 =

Portals:
Hell: Depths:1 Depths:2 Depths:3
Abyss: Depths:1 Depths:2 Depths:3
Pandemonium: Depths:3
Ziggurat: Depths:2
Trove: Vaults:3 (give +4 demon trident)

Annotations:
D:11 Harold
D:15 1 exclusion
Spider:1 3 runed doors, Xycsirubiu's ghost, adept MiBe
Spider:2 3 runed doors, Flure's ghost, adept SpEE
Orc:1 rumpelstilzz's ghost, novice TrWz
Vaults:1 exclusion: lich
Abyss:1 Nessos


Innate Abilities, Weirdness & Mutations

You are resistant to torment.
Your stone body is resilient. (AC +17)
You are immune to poison.
Your large and strong wings let you fly indefinitely.
You resist negative energy. (rN+)
You are resistant to electric shocks. (rElec)
You can survive without breathing.
You are immune to petrification.
You are immune to rotting.


Message History

The tengu reaver is engulfed in blazing flames.
The tengu reaver completely misses you. The tengu reaver misses you.
The tengu reaver completely misses you.
Casting: Regeneration (safe; 1% risk of failure)
Confirm with . or Enter, or press ? or * to list all spells.
The air around you leaps into flame!
The ironheart preserver throws a stone.
The tengu reaver blocks the stone.
The tengu reaver is engulfed in blazing flames.
The tengu reaver hits you but does no damage.
The tengu reaver pecks you but does no damage.
The tengu reaver closely misses you.
The ironheart preserver throws a stone.
The stone hits the tengu reaver!
You are contaminated with residual magic.
Unknown command.
The tengu reaver blocks your attack.
The tengu reaver is severely wounded.
The tengu reaver is engulfed in blazing flames.
The tengu reaver gestures at you while chanting.
The bolt of acid hits you!
You die...

, **, * * *, ,,*
, , ,*, * , .,*,
, ,, ,*** ∆ .#**
* * *,*,,,*, #.*
* , ,*,*##, ,/,*
, , ,* * {#{c,
(## ,,* , , * *
∆,#.###.##,, ##
#, , ##.#§§§#,
.#.[. #.%(#@##,
* ..#,
*,#.[.#.###Q#, *
,..#,*## *,*.. *
, , ,*,** , ,∆
.#..# , * **,* ,
*#p..# #* ** **
** ** * ,.,.#
..., , , , ,.. #
........... ,
,{.. *
............e..,


You could see an ironheart preserver, a tengu reaver and a battlesphere.

Vanquished Creatures
  Mennas (Vaults:4)
  Xtahua (Vaults:4)
  2 golden dragons
  Arachne (Spider:3)
  A lich (Depths:3)
  Rupert (D:12)
  A tentacled monstrosity (Vaults:5)
  A titan (Vaults:5)
  Polyphemus (Shoals:2)
  A kraken (Shoals:3)
  An ancient champion (Vaults:3)
  3 sphinxes
  2 storm dragons
  Frances (D:12)
  Roxanne (D:14)
  A shadow dragon (Vaults:4)
  4 tengu reavers
  An azure jelly (shapeshifter) (Vaults:5)
  11 frost giants
  An iron dragon (Vaults:5)
  A fire giant (Vaults:4)
  11 vault wardens
  A deep elf sorcerer (Vaults:5)
  3 ghost moths (Spider:4)
  5 emperor scorpions
  3 orc warlords
  2 very ugly things
  10 ironheart preservers
  A reaper (Depths:1)
  An entropy weaver (shapeshifter) (Vaults:2)
  3 entropy weavers
  12 stone giants
  A vampire knight (Depths:2)
  A deep elf annihilator (Vaults:2)
  Azrael (Spider:2)
  An orange crystal statue (WizLab)
  A spark wasp (Spider:4)
  A blizzard demon (Depths:1)
  6 merfolk javelineers
  2 deep elf death magi (Vaults:4)
  3 ettins
  Josephine (Orc:1)
  3 merfolk impalers (Shoals:4)
  A deep elf high priest (Vaults:5)
  2 fire dragons (D:15)
  6 great orbs of eyes
  15 ogre magi
  13 yaktaur captains
  5 rakshasas
  8 hydras
  6 ice dragons
  Fannar (D:12)
  2 spriggan air magi (Depths:2)
  32 vault guards
  A hell beast (Depths:1)
  4 merfolk aquamancers
  42 two-headed ogres
  3 catoblepae
  4 merfolk avatars
  7 centaur warriors
  2 dancing weapons (D:14)
  2 death knights
  A satyr (Shoals:4)
  7 death yaks
  8 tengu warriors
  5 deep troll shamans
  4 deep troll earth magi
  A vampire mage (Depths:3)
  A spriggan berserker (Depths:3)
  2 orc high priests
  An iron troll (Depths:1)
  2 soul eaters (Depths:1)
  2 spriggans (Depths:3)
  A storm dragon skeleton (Vaults:2)
  5 deep elf knights
  2 skeletal warriors
  9 sea snakes
  A fire crab (shapeshifter) (D:13)
  5 hell knights
  23 deep trolls
  5 unseen horrors
  A swamp dragon (shapeshifter) (Depths:1)
  3 flayed ghosts
  A kraken simulacrum (Shoals:4)
  2 obsidian statues
  A deep elf archer (Vaults:2)
  14 ironbrand convokers
  A tengu zombie (Vaults:5)
  2 glowing orange brains
  3 necromancers
  15 orc knights
  3 wizards
  4 deep elf magi
  6 harpies
  A harpy (shapeshifter) (D:14)
  4 orc sorcerers
  15 orb spiders
  A phantasmal warrior (Vaults:4)
  13 fauns
  29 ugly things
  2 moths of wrath
  20 wolf spiders
  22 manticores
  8 cyclopes
  A human skeleton (Vaults:2)
  7 merfolk sirens
  A sphinx skeleton (Vaults:2)
  An elephant (Lair:4)
  A black mamba (shapeshifter) (Depths:3)
  7 black mambas
  6 water nymphs
  12 vault sentinels
  A centaur zombie (D:13)
  Joseph (Lair:1)
  3 gargoyles
  An orange demon (Depths:1)
  3 torpor snails
  7 spiny frogs
  4 centaur skeletons
  12 freezing wraiths
  A redback zombie (D:15)
  11 demonic crawlers
  An ice devil (Depths:1)
  4 guardian mummies (D:15)
  2 hellwings (Depths:1)
  2 red devils (Depths:1)
  50 yaktaurs
  A kobold demonologist (D:15)
  5 trolls
  4 komodo dragons
  A polar bear (shapeshifter) (Vaults:4)
  27 merfolk
  3 meliai (D:15)
  4 tengu conjurers
  A tyrant leech (Shoals:4)
  A harpy zombie (D:15)
  25 jumping spiders
  16 hornets
  Prince Ribbit (D:5)
  A queen bee (shapeshifter) (Vaults:1)
  7 snapping turtles
  5 wind drakes
  An ettin zombie (Vaults:2)
  A slime creature (shapeshifter) (Vaults:3)
  15 slime creatures
  12 hippogriffs
  6 dream sheep
  A fire giant simulacrum (Depths:1)
  A dream sheep (shapeshifter) (Depths:2)
  66 redbacks
  Sigmund (D:2)
  A redback (shapeshifter) (Vaults:3)
  2 shadows
  2 wyverns
  The ghost of ijan1 the Magician, an amateur DESu of Yredelemnul (D:4)
  7 wraiths
  A fire bat (shapeshifter) (Depths:3)
  32 yaks
  A spriggan (shapeshifter) (D:13)
  24 tarantellas
  13 water elementals
  3 fire elementals (Spider:2)
  2 hungry ghosts (D:10)
  2 basilisks (shapeshifter)
  A golden eye (shapeshifter) (Vaults:1)
  4 basilisks
  A yaktaur simulacrum (Vaults:2)
  2 chaos spawn (Depths:1)
  3 vampire mosquitoes (D:15)
  A neqoxec (Depths:1)
  Menkaure (D:4)
  A swamp worm (Shoals:3)
  3 wargs
  2 soldier ants
  8 water moccasins
  A soldier ant (shapeshifter) (Vaults:2)
  2 acid dragons
  2 hell hounds (Spider:2)
  A floating eye (shapeshifter) (Depths:2)
  56 orc warriors
  5 porcupines
  4 ice beasts
  5 sky beasts
  4 black bears
  5 phantoms
  A necrophage (D:3)
  An ettin simulacrum (Vaults:2)
  A hornet zombie (D:13)
  20 boggarts
  8 wolves
  40 ogres
  10 crocodiles
  15 centaurs
  3 big kobolds
  Blork the orc (D:4)
  17 bullfrogs
  2 gnoll sergeants
  A wyvern zombie (D:12)
  A glowing shapeshifter simulacrum (Vaults:2)
  A deep troll simulacrum (Vaults:5)
  2 human simulacra
  5 scorpions
  4 killer bees (D:5)
  5 electric eels
  10 wights
  11 howler monkeys
  13 crimson imps
  3 bullfrog zombies
  2 quasits
  3 bullfrog skeletons
  3 jellies
  10 hounds
  34 orc priests
  Crazy Yiuf (D:2)
  33 orc wizards
  An iron imp (Depths:1)
  Ijyb (D:3)
  3 iguanas
  11 worker ants
  2 hound zombies
  7 hound skeletons
  4 mummies (D:15)
  2 worker ant zombies
  A howler monkey zombie (D:8)
  15 adders
  17 gnolls
  5 shadow imps
  An ooze (D:2)
  2 adder skeletons
  A worm (shapeshifter) (Depths:2)
  A worm (D:2)
  8 leopard geckos
  132 orcs
  3 giant cockroaches (D:3)
  8 hobgoblins
  3 jackals (D:6)
  6 quokkas
  3 ball pythons
  7 bats
  7 frilled lizards
  8 goblins
  26 kobolds
  A leopard gecko zombie (D:5)
  2 quokka skeletons
  10 rats
  A fungus (Lair:6)
  3 spectral weapons
1634 creatures vanquished.

Vanquished Creatures (collateral kills)
  An ironheart preserver (Vaults:2)
  A deep elf mage (Vaults:2)
  An ugly thing (Depths:2)
3 creatures vanquished.

Vanquished Creatures (others)
  An orc warlord (Orc:2)
  A stone giant (Depths:3)
  A very ugly thing (Depths:3)
  A great orb of eyes (Depths:2)
  A hydra (Lair:3)
  A two-headed ogre (Depths:2)
  4 death yaks
  An alligator snapping turtle (Shoals:4)
  3 tengu warriors
  A deep troll (Depths:3)
  2 sea snakes
  A wizard (Vaults:1)
  A phantasmal warrior (D:13)
  A wolf spider zombie (D:15)
  A necromancer (Vaults:2)
  An orb spider (Spider:4)
  An ironbrand convoker (Vaults:1)
  A mana viper (shapeshifter) (Depths:3)
  2 wolf spiders
  A manticore (Shoals:4)
  An ugly thing (Vaults:1)
  2 elephants (Lair:4)
  A spiny frog (Lair:5)
  A water nymph (Shoals:4)
  A centaur skeleton (D:11)
  A komodo dragon (Lair:4)
  A demonic crawler (Spider:3)
  2 jumping spiders
  3 merfolk
  A troll (D:10)
  4 slime creatures
  3 hippogriffs
  A wind drake (Shoals:1)
  2 snapping turtles
  A water elemental (Lair:3)
  9 yaks
  5 redbacks
  A basilisk (Lair:2)
  An acid dragon (D:13)
  A water moccasin (Lair:2)
  2 orc warriors
  An eye of draining (D:15)
  A wolf (Lair:6)
  A crocodile (Lair:5)
  A bullfrog (Lair:3)
  2 worker ants
  A shadow imp (D:11)
  3 orcs (Orc:2)
  6 fungi
  29 plants
  53 spectral weapons
  26 tentacles
195 creatures vanquished.

Grand Total: 1832 creatures vanquished

Notes
Turn   | Place    | Note
-------+----------+-------------------------------------------
     0 | D:1      | definar the Gargoyle Earth Elementalist began the quest for
                  | the Orb.
     0 | D:1      | Reached XP level 1. HP: 10/10 MP: 3/3
   298 | D:1      | Reached XP level 2. HP: 11/15 MP: 5/5
   818 | D:2      | Noticed a big kobold
   832 | D:2      | Killed a big kobold
   832 | D:2      | Reached XP level 3. HP: 18/19 MP: 1/6
   832 | D:2      | Reached XP level 4. HP: 23/24 MP: 1/7
   838 | D:2      | Learned a level 3 spell: Stone Arrow
   946 | D:2      | Reached XP level 5. HP: 28/28 MP: 5/8
  1276 | D:2      | Found a runed door.
  1357 | D:2      | Noticed Sigmund
  1369 | D:2      | Killed Sigmund
  1369 | D:2      | Reached XP level 6. HP: 25/32 MP: 2/9
  1376 | D:2      | Learned a level 5 spell: Lee's Rapid Deconstruction
  1639 | D:2      | Noticed Crazy Yiuf
  1642 | D:2      | Killed Crazy Yiuf
  1784 | D:3      | Noticed a necrophage
  1789 | D:3      | Killed a necrophage
  1789 | D:3      | Reached XP level 7. HP: 34/36 MP: 7/10
  2056 | D:3      | Noticed Ijyb
  2079 | D:3      | Killed Ijyb
  2389 | D:4      | Got a ripped robe
  2390 | D:4      | Identified the +4 robe of Dim Light {rC+ Str+2 Int+3 Dex+2}
                  | (You found it on level 4 of the Dungeon)
  2409 | D:4      | Found an ornate altar of the Wu Jian Council.
  2694 | D:4      | Reached skill level 10 in Earth Magic
  2918 | D:4      | Reached skill level 1 in Fighting
  2924 | D:4      | Found a transporter.
  2925 | D:4      | Noticed ijan1's ghost (amateur DESu)
  2926 | D:4      | Found a transporter.
  3175 | D:4      | Noticed Blork the orc
  3181 | D:4      | Killed Blork the orc
  3181 | D:4      | Reached skill level 1 in Maces & Flails
  3181 | D:4      | Reached XP level 8. HP: 44/44 MP: 5/11
  3216 | D:4      | Noticed Menkaure
  3220 | D:4      | Killed Menkaure
  3220 | D:4      | Reached skill level 3 in Fighting
  3389 | D:4      | Found a staircase to the Ecumenical Temple.
  3398 | Temple   | Entered the Ecumenical Temple
  3474 | Temple   | Became a worshipper of Ashenzari the Shackled
  3578 | D:4      | Found a deep blue altar of Sif Muna.
  3694 | D:5      | Entered Level 5 of the Dungeon
  3719 | D:5      | Noticed Prince Ribbit
  3823 | D:5      | Reached skill level 1 in Long Blades
  3840 | D:5      | Reached skill level 4 in Fighting
  4153 | D:5      | Reached skill level 5 in Fighting
  4421 | D:5      | Killed Prince Ribbit
  4421 | D:5      | Reached skill level 6 in Fighting
  4453 | D:5      | Reached skill level 7 in Fighting
  4453 | D:5      | Reached XP level 9. HP: 51/57 MP: 7/12
  4539 | D:5      | Reached skill level 8 in Fighting
  4825 | D:6      | Reached skill level 1 in Armour
  4905 | D:6      | Reached * piety under Ashenzari
  4961 | D:6      | Found an ancient bone altar of Kikubaaqudgha.
  5135 | D:6      | Reached skill level 9 in Fighting
  5139 | D:6      | Found a blossoming altar of Fedhas.
  5721 | D:7      | Reached skill level 10 in Fighting
  5816 | D:7      | Reached skill level 5 in Armour
  5877 | D:7      | Reached XP level 10. HP: 68/68 MP: 7/13
  6452 | D:8      | Found an ornate altar of the Wu Jian Council.
  6544 | D:8      | Noticed a five-headed hydra
  6561 | D:8      | Noticed a two-headed ogre
  6568 | D:8      | Killed a seven-headed hydra
  6575 | D:8      | Killed a two-headed ogre
  6583 | D:8      | Found a flagged portal.
  6593 | Bailey   | Entered a bailey
  7244 | D:8      | Reached skill level 10 in Armour
  7312 | D:8      | Learned a level 4 spell: Petrify
  7475 | D:8      | Reached XP level 11. HP: 55/72 MP: 11/14
  7501 | D:8      | Found a glowing golden altar of the Shining One.
  7502 | D:8      | Found a white marble altar of Elyvilon.
  7505 | D:8      | Found a glowing silver altar of Zin.
  8024 | D:9      | Found an iron altar of Okawaru.
  8085 | D:9      | Reached ** piety under Ashenzari
  8228 | D:9      | Found a stormy altar of Qazlal.
  8232 | D:9      | Found a shadowy altar of Dithmenos.
  8370 | D:10     | Entered Level 10 of the Dungeon
  8654 | D:10     | Identified a scroll of acquirement
  9488 | D:11     | Noticed a two-headed ogre
  9489 | D:11     | Noticed a manticore
  9493 | D:11     | Noticed a two-headed ogre
  9494 | D:11     | Killed a manticore
  9501 | D:11     | Noticed a brown ugly thing
  9539 | D:11     | Noticed Harold
  9567 | D:12     | Noticed Rupert
  9567 | D:12     | Noticed a red ugly thing
  9666 | D:11     | Noticed an orc knight
  9698 | D:10     | Killed an orc knight
  9769 | D:11     | Killed a two-headed ogre
  9769 | D:11     | Reached skill level 5 in Maces & Flails
  9769 | D:11     | Reached skill level 5 in Spellcasting
  9791 | D:10     | Learned a level 3 spell: Regeneration
  9795 | D:10     | Learned a level 3 spell: Spectral Weapon
 10094 | D:11     | Killed a two-headed ogre
 10094 | D:11     | Reached skill level 1 in Charms
 10094 | D:11     | Reached XP level 12. HP: 33/77 MP: 9/19
 10242 | D:11     | Found a staircase to the Lair.
 10278 | D:11     | Found a glowing golden altar of the Shining One.
 10529 | D:11     | Identified the +2 robe of Etreng {rElec rN+ Slay+6}
 10682 | D:11     | Reached *** piety under Ashenzari
 10810 | Lair:1   | Entered Level 1 of the Lair of Beasts
 10810 | Lair:1   | Noticed a four-headed hydra
 10816 | Lair:1   | Killed a four-headed hydra
 11105 | Lair:1   | Noticed Joseph
 11116 | Lair:1   | Killed Joseph
 11698 | Lair:2   | Noticed a five-headed hydra
 11731 | Lair:2   | Killed a five-headed hydra
 11818 | Lair:2   | Reached skill level 5 in Charms
 12335 | Lair:2   | Noticed a death yak
 12335 | Lair:2   | Noticed a death yak
 12337 | Lair:2   | Noticed a death yak
 12338 | Lair:2   | Noticed a death yak
 12340 | Lair:2   | Noticed a death yak
 12340 | Lair:2   | Noticed a death yak
 12365 | Lair:2   | Killed a death yak
 12366 | Lair:2   | Killed a death yak
 12390 | Lair:2   | Banished a death yak
 12433 | Lair:2   | Killed a death yak
 12433 | Lair:2   | Reached XP level 13. HP: 27/82 MP: 4/20
 12768 | Lair:2   | Reached skill level 1 in Evocations
 13175 | Lair:3   | Found a staircase to the Shoals.
 13233 | Lair:3   | Reached **** piety under Ashenzari
 13938 | Lair:4   | Found a hole to the Spider Nest.
 15365 | Lair:6   | Entered Level 6 of the Lair of Beasts
 15388 | Lair:6   | Reached ***** piety under Ashenzari
 15441 | Lair:6   | Reached skill level 5 in Dodging
 15494 | Lair:6   | Learned a level 5 spell: Borgnjor's Vile Clutch
 15635 | Lair:6   | Found a staircase to the Slime Pits.
 15662 | Lair:6   | Learned a level 2 spell: Shroud of Golubria
 16184 | Lair:6   | Gained mutation: Your large and strong wings let you fly
                  | indefinitely. [Gargoyle growth]
 16184 | Lair:6   | Reached XP level 14. HP: 88/88 MP: 10/25
 17193 | D:12     | Noticed Nessos
 17200 | D:12     | Banished Nessos
 17266 | D:12     | Noticed Frances
 17637 | D:12     | Found a staircase to the Orcish Mines.
 17869 | D:12     | Found Yzynan's Assorted Antiques.
 17952 | D:12     | Noticed Fannar
 18203 | Orc:1    | Entered Level 1 of the Orcish Mines
 18398 | Orc:2    | Entered Level 2 of the Orcish Mines
 18421 | Orc:2    | Found a roughly hewn altar of Beogh.
 18519 | Orc:2    | Learned a level 3 spell: Mephitic Cloud
 18869 | Orc:2    | Found Laps's Jewellery Shoppe.
 18869 | Orc:2    | Found a roughly hewn altar of Beogh.
 19068 | Orc:2    | Bought an uncursed ring of see invisible for 225 gold
                  | pieces
 19264 | Orc:2    | Paralysed by an orc sorcerer for 5 turns
 19276 | Orc:2    | Found a roughly hewn altar of Beogh.
 19281 | Orc:2    | Found Setioluabe's Magic Scroll Shoppe.
 19289 | Orc:2    | Bought a scroll of teleportation for 42 gold pieces
 19289 | Orc:2    | Bought a scroll of teleportation for 42 gold pieces
 19289 | Orc:2    | Bought a scroll of remove curse for 42 gold pieces
 19333 | Orc:2    | Found a staircase to the Elven Halls.
 19499 | Orc:2    | Noticed an orc warlord
 19750 | Orc:2    | Banished an orc warlord
 19819 | Orc:2    | Found Redob's Antique Armour Emporium.
 19820 | Orc:2    | Found a roughly hewn altar of Beogh.
 19824 | Orc:2    | Found Afupp's Antique Weapon Shoppe.
 19836 | Orc:2    | Bought a twisted ring mail for 234 gold pieces
 19836 | Orc:2    | Identified the +1 ring mail of Untold Secrets {*Slow +Blink
                  | rPois Slay+6} (You bought it in a shop on level 2 of the
                  | Orcish Mines)
 19871 | Orc:2    | Found a roughly hewn altar of Beogh.
 19976 | Orc:2    | Found a roughly hewn altar of Beogh.
 20036 | Orc:1    | Found a runed gate.
 20036 | Orc:1    | Noticed rumpelstilzz's ghost (novice TrWz)
 20037 | Orc:1    | Found a runed gate.
 20038 | Orc:1    | Found a runed gate.
 20043 | Orc:1    | Noticed an orc warlord
 20104 | Orc:1    | Found a roughly hewn altar of Beogh.
 20726 | Orc:1    | Noticed Josephine
 20733 | Orc:1    | Killed Josephine
 20860 | Orc:1    | Reached skill level 5 in Evocations
 20865 | Orc:1    | Killed an orc warlord
 21130 | Orc:1    | Reached ****** piety under Ashenzari
 21277 | D:12     | Paralysed by Rupert for 7 turns
 21436 | D:13     | Reached skill level 10 in Maces & Flails
 22032 | D:13     | Reached XP level 15. HP: 92/92 MP: 22/27
 22664 | D:14     | Noticed Roxanne
 22765 | D:14     | Noticed a shadow dragon
 22803 | D:14     | Found a gate to the Vaults.
 23185 | Shoals:1 | Entered Level 1 of the Shoals
 23690 | Shoals:1 | Reached skill level 11 in Fighting
 23724 | Shoals:1 | Found Wysoch Goschy's Jewellery Shoppe.
 24196 | Shoals:1 | Bought the ring of Ozubamp {MP+9 Int+4 Dex+4 Stlth+} for
                  | 662 gold pieces
 24824 | Shoals:2 | Reached skill level 1 in Conjurations
 25153 | Shoals:2 | Noticed Polyphemus
 25533 | Shoals:2 | Reached skill level 12 in Fighting
 26051 | Shoals:2 | Killed Polyphemus
 26230 | Shoals:2 | Reached skill level 13 in Fighting
 26785 | Shoals:3 | Noticed a kraken
 26808 | Shoals:4 | Entered Level 4 of the Shoals
 27089 | Shoals:4 | Reached XP level 16. HP: 82/105 MP: 2/28
 27175 | Shoals:4 | Reached skill level 14 in Fighting
 27246 | Shoals:4 | Identified the Handbook of the Sneaky Coins
 28019 | Shoals:3 | Learned a level 5 spell: Bolt of Magma
 29212 | Shoals:3 | Reached skill level 10 in Spellcasting
 29254 | Shoals:3 | Killed a kraken
 30102 | Shoals:4 | Reached skill level 5 in Conjurations
 30523 | Shoals:4 | Got a barnacled rune of Zot
 30942 | Spider:1 | Entered Level 1 of the Spider Nest
 31194 | D:12     | Killed Fannar
 31253 | D:12     | Bought a scroll of enchant weapon for 217 gold pieces
 31253 | D:12     | Bought a scroll of remove curse for 87 gold pieces
 31329 | D:12     | Killed Frances
 31459 | D:12     | Killed Rupert
 31728 | D:4      | Killed ijan1's ghost
 31962 | D:14     | Killed Roxanne
 31967 | D:14     | Identified the +12 spear "Boagis" {speed, *Noise rElec rN+
                  | Str+2} (You took it off a deep elf mage on level 14 of the
                  | Dungeon)
 32057 | D:14     | Reached XP level 17. HP: 111/111 MP: 31/31
 32276 | D:14     | Learned a level 6 spell: Iron Shot
 32481 | D:14     | Noticed a golden dragon
 32481 | D:14     | a shadow dragon changed into a golden dragon
 32490 | D:14     | Killed a golden dragon
 32796 | D:14     | Found a shadowy altar of Dithmenos.
 32837 | D:15     | Entered Level 15 of the Dungeon
 33264 | D:15     | Reached skill level 10 in Conjurations
 33455 | D:15     | Found a staircase to the Depths.
 34251 | Spider:1 | Found a runed gate.
 34251 | Spider:1 | Found a runed gate.
 34251 | Spider:1 | Found a runed gate.
 34265 | Spider:1 | Noticed Xycsirubiu's ghost (adept MiBe)
 34404 | Spider:1 | Reached skill level 1 in Necromancy
 35682 | Spider:2 | Found a runed gate.
 35682 | Spider:2 | Found a runed gate.
 35683 | Spider:2 | Found a runed gate.
 35747 | Spider:2 | Noticed Azrael
 35754 | Spider:2 | Killed Azrael
 36341 | Spider:2 | Noticed Flure's ghost (adept SpEE)
 36535 | Spider:3 | Noticed Arachne
 36561 | Spider:3 | Killed Arachne
 36874 | Spider:2 | Reached XP level 18. HP: 114/116 MP: 22/32
 37050 | Spider:3 | Reached skill level 1 in Shields
 37301 | Spider:4 | Entered Level 4 of the Spider Nest
 37862 | Spider:4 | Reached skill level 5 in Shields
 38767 | Spider:4 | Got a gossamer rune of Zot
 39070 | D:11     | Stash
 39328 | D:15     | Reached skill level 10 in Shields
 39456 | Depths:1 | Entered Level 1 of the Depths
 39922 | Depths:1 | Found a gateway to Hell.
 39961 | Depths:1 | Identified the +5 chain mail "Xaown" {Int+2 Dex+3}
 40070 | Depths:1 | Found a one-way gate to the infinite horrors of the Abyss.
 40289 | Depths:1 | Reached XP level 19. HP: 121/121 MP: 29/33
 41500 | Depths:2 | Reached skill level 15 in Fighting
 41636 | Depths:2 | Learned a level 2 spell: Passwall
 41734 | Depths:2 | Cast into level 3 of the Abyss (a wizard)
 41734 | Abyss:3  | Found a transporter.
 41750 | Depths:2 | Escaped the Abyss
 41926 | Depths:2 | Paralysed by an ogre mage for 5 turns
 41956 | Depths:3 | Found a one-way gate leading to the halls of Pandemonium.
 42053 | Depths:2 | Paralysed by a great orb of eyes for 5 turns
 42257 | Depths:2 | Found a gateway to a ziggurat.
 42589 | Depths:2 | Reached skill level 16 in Fighting
 43793 | Vaults:1 | Entered Level 1 of the Vaults
 43995 | Vaults:1 | Noticed a lich
 44118 | Vaults:1 | Found a magical portal.
 44135 | WizLab   | Entered Wucad Mu's Monastery
 44311 | WizLab   | Found the +9 staff of Wucad Mu {channel}
 44743 | Vaults:1 | Reached XP level 20. HP: 103/132 MP: 23/34
 45014 | Vaults:1 | Reached skill level 17 in Fighting
 46379 | D:8      | Found a hide-covered altar of Uskayaw.
 48642 | Vaults:2 | Reached skill level 1 in Staves
 48885 | Vaults:2 | Reached skill level 1 in Axes
 49431 | Vaults:1 | Reached skill level 5 in Axes
 49935 | Vaults:2 | Reached XP level 21. HP: 117/140 MP: 34/37
 51536 | Vaults:2 | Identified the +2 hand axe of the Pillar {distort, Fragile
                  | rPois rC+++ Int+3}
 51911 | Vaults:3 | Found a portal to a secret trove of treasure.
 52056 | Vaults:3 | Found a staircase to the Crypt.
 53110 | Vaults:3 | Reached skill level 1 in Fire Magic
 54180 | Vaults:3 | Learned a level 7 spell: Ring of Flames
 54344 | Vaults:4 | Reached skill level 5 in Fire Magic
 54420 | Vaults:4 | Reached XP level 22. HP: 113/146 MP: 39/39
 55105 | Vaults:4 | Reached XP level 23. HP: 151/151 MP: 40/40
 55130 | Vaults:4 | Reached skill level 10 in Charms
 55902 | Vaults:5 | Entered Level 5 of the Vaults
 55911 | Vaults:5 | Noticed Xtahua
 55911 | Vaults:5 | Reached skill level 10 in Axes
 56145 | Vaults:4 | Learned a level 3 spell: Gell's Gravitas
 56417 | Vaults:4 | Reached skill level 18 in Fighting
 56565 | Vaults:5 | HP: 1/153 [deep elf high priest/divine providence (10)]
 56700 | Vaults:5 | Identified the +0 cloak of Refuge {*Corrode MP+9 Dex+4}
 56756 | Vaults:5 | Got a silver rune of Zot
 56812 | Vaults:5 | Reached skill level 19 in Fighting
 57008 | Vaults:5 | Noticed a golden dragon
 57180 | Vaults:5 | Killed a golden dragon
 57183 | Vaults:5 | Identified the +5 scimitar of Righteous Anger {antimagic,
                  | rC- rN+++ Dex+5} (You took it off a vault warden on level 5
                  | of the Vaults)
 58322 | Vaults:5 | Paralysed by Xtahua for 6 turns
 58323 | Vaults:5 | Noticed Mennas
 58347 | Vaults:4 | Killed Mennas
 58715 | Vaults:4 | Killed Xtahua
 59050 | Vaults:4 | Reached skill level 15 in Earth Magic
 59121 | Vaults:5 | HP: 5/155 [ettin/dire flail (26)]
 59140 | Vaults:5 | Killed from afar by a tengu reaver

Skill      XL: |  1  2  3  4  5  6  7  8  9 10 11 12 13 14 15 16 17 18 19 20 21 22 23 |
---------------+----------------------------------------------------------------------+-----
Earth Magic    | 4 6 8 9 10 11 12 13 15 | 15.1
Fighting       | 1 7 10 13 14 16 17 19 | 19.1
Maces & Flails | 1 5 8 10 11 | 11.3
Long Blades    | 1 4 |  4.4
Armour         | 5 10 | 10.4
Dodging        | 2 6 8 9 |  9.6
Spellcasting   | 5 7 8 10 12 13 | 13.1
Charms         | 1 6 7 9 11 | 11.4
Evocations     | 4 5 7 9 |  9.6
Conjurations   | 3 8 13 | 13.0
Necromancy     | 3 |  3.1
Shields        | 12 13 | 13.8
Staves         | 1 |  1.4
Axes           | 6 9 10 | 10.3
Fire Magic     | 7 |  7.6
Short Blades   | |  0.7
Stealth        | |  2.1
Transmutations | |  0.7

Action                   |  1- 3 |  4- 6 |  7- 9 | 10-12 | 13-15 | 16-18 | 19-21 | 22-24 || total
-------------------------+-------+-------+-------+-------+-------+-------+-------+-------++-------
Melee: Short sword       |    23 |   107 |   221 |       |       |       |       |       ||   351
       Unarmed           |     7 |       |       |       |       |       |       |       ||     7
       Scimitar          |       |       |   215 |   245 |       |       |       |       ||   460
       Whip              |       |       |       |    27 |       |       |       |       ||    27
       Morningstar       |       |       |       |   288 |   939 |   678 |   359 |       ||  2264
       Battleaxe         |       |       |       |       |       |       |   375 |   270 ||   645
 Cast: Sandblast         |    11 |    22 |    37 |    49 |   102 |   105 |    42 |       ||   368
       Stone Arrow       |       |       |     6 |    25 |    79 |    76 |    46 |     4 ||   236
       Lee's Rapid Decon |       |       |     6 |    37 |    64 |   113 |    72 |     4 ||   296
       Petrify           |       |       |       |     5 |    20 |    10 |       |       ||    35
       Spectral Weapon   |       |       |       |     4 |   105 |    59 |    75 |     6 ||   249
       Regeneration      |       |       |       |       |    34 |    20 |    23 |     6 ||    83
       Shroud of Golubri |       |       |       |       |    44 |    22 |    23 |    15 ||   104
       Borgnjor's Vile C |       |       |       |       |    27 |     6 |    15 |     7 ||    55
       Mephitic Cloud    |       |       |       |       |    13 |     6 |    21 |     2 ||    42
       Bolt of Magma     |       |       |       |       |       |    58 |    21 |    17 ||    96
       Iron Shot         |       |       |       |       |       |   114 |   194 |    47 ||   355
       Passwall          |       |       |       |       |       |       |     1 |       ||     1
       Ring of Flames    |       |       |       |       |       |       |     2 |    17 ||    19
Invok: Curse Item        |       |       |     1 |     3 |     4 |       |     1 |     1 ||    10
       Scrying           |       |       |       |     1 |     2 |     4 |     8 |     5 ||    20
 Abil: Fly               |       |       |       |       |     1 |     3 |     1 |       ||     5
       Stop Flying       |       |       |       |       |       |     3 |     1 |       ||     4
       Evoke Invisibilit |       |       |       |       |       |       |       |     3 ||     3
Evoke: Phantom mirror    |       |       |       |     1 |       |       |       |       ||     1
       Wand              |       |       |       |       |    13 |    32 |    10 |     4 ||    59
       Lightning rod     |       |       |       |       |     6 |     4 |       |       ||    10
       Crystal ball of e |       |       |       |       |       |     1 |       |       ||     1
       Phial of floods   |       |       |       |       |       |       |     3 |     1 ||     4
  Use: Scroll            |       |     4 |    10 |    15 |    18 |    17 |     9 |     7 ||    80
       Potion            |       |       |     1 |     9 |     2 |    10 |     5 |     8 ||    35
 Stab: Sleeping          |     1 |     1 |     7 |     2 |    14 |     9 |     7 |     4 ||    45
       Petrified         |       |       |       |     3 |     4 |     2 |       |       ||     9
       Distracted        |       |       |       |       |     2 |     3 |     6 |     5 ||    16
       Petrifying        |       |       |       |       |     4 |       |       |       ||     4
       Confused          |       |       |       |       |     2 |       |    12 |     2 ||    16
       Invisible         |       |       |       |       |       |       |       |     1 ||     1
  Eat: Chunk             |       |     3 |    11 |    23 |    26 |    44 |    51 |    13 ||   171
       Ration            |       |       |     2 |     5 |    13 |    13 |    13 |     5 ||    51
Armor: Robe              |    10 |    40 |   276 |   305 |   401 |   431 |   320 |   263 ||  2046
       Skin              |       |       |       |   119 |       |       |       |       ||   119
Dodge: Dodged            |    18 |    73 |   359 |   436 |   747 |   959 |   729 |   329 ||  3650
Block: Buckler           |       |       |       |       |       |     1 |   146 |       ||   147
       Rpst.: Scimitar   |       |       |    54 |    51 |       |       |       |       ||   105
